 Dungeon Sprint DCSS version 0.28-a0-863-g8cecda6153 (webtiles) character file.

Game seed: 7631987538374272783

1281 emperorscorpion the Thaumaturge (level 8, -2/78 HPs)
             Began as a Djinni Air Elementalist on Nov 16, 2021.
             Was a Believer of Makhleb.
             Slain by a centaur warrior (9 damage)
             ... in the Dungeon (Sprint IX: "|||||||||||||||||||||||||||||").
             The game lasted 00:04:00 (438 turns).

emperorscorpion the Thaumaturge (DjAE)               Turns: 438, Time: 00:04:00

Health: -2/78      AC: 14    Str:  7    XL:     8   Next: 84%
Gold:   0          EV:  8    Int: 18    God:    Makhleb [**....] SH:  0 Dex: 15

rFire   + + .      SeeInvis .   i - +2 dire flail "Beetleslayer" {vorpal, rCorr}
rCold   x . .      Faith    .   (shield currently unavailable)
rNeg    . . .      Spirit   .   n - +1 chain mail
rPois   ∞          Reflect  .   l - +0 helmet
rElec   .          Harm     .   (no cloak)
rCorr   +          Rampage  .   m - +0 pair of gloves
Will    .....      NoTele   +   (boots unavailable)
Stlth   ..........              (no amulet)
HPRegen 0.23/turn               o - +2 ring of evasion
MPRegen 0.00/turn               p - +2 ring of evasion

@: berserking, flying, invisible, very quick
A: sickness immunity, fire resistance 2, cold vulnerability 1, float, innate
caster, hp casting, extra vitality 1
a: Renounce Religion, Minor Destruction


You were in the Dungeon.
You worshipped Makhleb.
Makhleb was pleased with you.
You visited 1 branch

Inventory:

Hand Weapons
 i - the +2 dire flail "Beetleslayer" (weapon) {vorpal, rCorr}
   (You found it in the Dungeon)

   It inflicts extra damage upon your enemies.
   rCorr:     It protects you from acid and corrosion.
 j - a +2 halberd of protection
 k - a +2 scimitar of holy wrath
Armour
 a - a +0 robe
 l - a +0 helmet (worn)
 m - a +0 pair of gloves (worn)
 n - a +1 chain mail (worn)
Jewellery
 o - a +2 ring of evasion (left hand)
 p - a +2 ring of evasion (right hand)
Scrolls
 f - 2 scrolls of blinking
Potions
 b - 5 potions of curing
 d - a potion of haste


   Skills:
 + Level 1.0 Fighting
 + Level 7.5 Armour
 + Level 6.7 Dodging
 + Level 4.3 Stealth
 + Level 11.5 Spellcasting
 + Level 3.6 Evocations


You had 15 spell levels left.
You knew the following spells:

 Your Spells              Type           Power      Damage    Failure   Level
a - Shock                 Conj/Air       100%       1d9       8%          1
b - Static Discharge      Conj/Air       51%        N/A       12%         2
c - Swiftness             Air            51%        N/A       22%         3
d - Airstrike             Air            25%        N/A       58%         4
e - Animate Skeleton      Necr           100%       N/A       8%          1
f - Wereblood             Tmut           51%        N/A       12%         2
g - Scorch                Fire           100%       2d10      12%         2
Your spell library was empty.

Dungeon Overview and Level Annotations

Branches:
Dungeon (1/1)

Altars:
Cheibriados
Dithmenos
Elyvilon
Fedhas
Gozag
Hepliaklqana
Kikubaaqudgha
Makhleb
Nemelex Xobeh
Okawaru
Qazlal
Ru
Sif Muna
Trog
Uskayaw
Vehumet
Wu Jian
Xom
Yredelemnul
Zin
The Shining One
Beogh
Jiyva
Lugonu


Innate Abilities, Weirdness & Mutations

You are immune to sickness and miasma.
You are immune to poison.
Your flesh is very heat resistant. (rF++)
You are vulnerable to cold. (rC-)
You float through the air rather than walking.
You learn spells naturally, not from books.
Your magical power is your life essence.
You have superior vitality. (+4 HP)


Message History

The zap hits the komodo dragon but does no damage.
The komodo dragon is moderately wounded.
The zap hits the vampire mosquito.
The vampire mosquito is almost destroyed.
The centaur warrior hits you!
The centaur warrior kicks you but does no damage.
Your Fighting skill increases to level 1!
Unknown command.
You feel much better. The centaur warrior hits you!
The centaur warrior kicks you but does no damage.
The centaur warrior hits you! The centaur warrior kicks you.
You fade into invisibility!
The centaur warrior hits you. The centaur warrior kicks you.
Okay, then.
Okay, then.
A red film seems to cover your vision as you go berserk!
You feel yourself moving faster!
You feel mighty! The centaur warrior barely misses you.
The centaur warrior kicks you. The centaur warrior hits you.
The centaur warrior kicks you but does no damage.
You catch the helpless centaur warrior completely off-guard!
You thump the centaur warrior!
The centaur warrior is severely wounded.
The centaur warrior wields a +0 shortbow.
The centaur warrior shoots an arrow.
The arrow hits you!!
* * * LOW HITPOINT WARNING * * *
Unknown command.
You completely miss the centaur warrior.
The centaur warrior is severely wounded.
The centaur warrior unwields a +0 shortbow.
The centaur warrior barely misses you. The centaur warrior kicks you.
* * * LOW HITPOINT WARNING * * *
Your chain mail prevents you from hitting the centaur warrior.
The centaur warrior is severely wounded.
The centaur warrior hits you but does no damage.
The centaur warrior kicks you but does no damage.
You barely miss the centaur warrior.
The centaur warrior is severely wounded.
The centaur warrior hits you!
You die... ▓▓▓▓▓▓▓▓▓▓▓▓▓▓▓▓▓▓▓▓▓▓▓▓ +.ylTDc@......'......)?! ▓▓▓▓▓▓▓▓▓▓▓▓▓▓▓▓▓▓▓▓▓▓▓▓

You could see a four-headed hydra, a centaur warrior, a komodo dragon, a troll and a vampire mosquito.

Vanquished Creatures
  A two-headed ogre (D)
  A troll (D)
  A yak (D)
  3 centaurs (D)
  A howler monkey (D)
  An orc priest (D)
  A jelly (D)
  An ufetubus (D)
  A worm (D)
  A dart slug (D)
  A hobgoblin (D)
  A bat (D)
  A frilled lizard (D)
  A quokka skeleton (D)
  A rat (D)
17 creatures vanquished.

Notes
Turn   | Place    | Note
-------+----------+-------------------------------------------
     0 | D        | emperorscorpion the Djinni Air Elementalist began the quest
                  | for the Orb.
     0 | D        | Reached XP level 1. HP: 15/15 MP: 0/0
     7 | D        | Reached skill level 3 in Spellcasting
     8 | D        | Reached XP level 2. HP: 17/21 MP: 0/0
    74 | D        | Reached skill level 5 in Spellcasting
    74 | D        | Reached XP level 3. HP: 24/25 MP: 0/0
    74 | D        | Learned a level 1 spell: Animate Skeleton
    77 | D        | Reached skill level 1 in Armour
    77 | D        | Reached XP level 4. HP: 7/31 MP: 0/0
    88 | D        | Found a snail-covered altar of Cheibriados.
    88 | D        | Found a shadowy altar of Dithmenos.
    88 | D        | Found a white marble altar of Elyvilon.
    88 | D        | Found a blossoming altar of Fedhas.
    88 | D        | Found an opulent altar of Gozag.
    89 | D        | Found a hazy altar of Hepliaklqana.
    90 | D        | Found a viscous altar of Jiyva.
    92 | D        | Found a corrupted altar of Lugonu.
    93 | D        | Found a burning altar of Makhleb.
    94 | D        | Found a sparkling altar of Nemelex Xobeh.
    95 | D        | Found an iron altar of Okawaru.
    96 | D        | Found a stormy altar of Qazlal.
    97 | D        | Found a sacrificial altar of Ru.
    99 | D        | Found a bloodstained altar of Trog.
   100 | D        | Found a hide-covered altar of Uskayaw.
   101 | D        | Became a worshipper of Makhleb the Destroyer
   103 | D        | Found an ornate altar of the Wu Jian Council.
   104 | D        | Found a shimmering altar of Xom.
   105 | D        | Found a basalt altar of Yredelemnul.
   106 | D        | Found a glowing silver altar of Zin.
   107 | D        | Found a glowing golden altar of the Shining One.
   123 | D        | Got the +2 dire flail "Beetleslayer" {vorpal, rCorr}
   312 | D        | Noticed a centaur
   312 | D        | Noticed a centaur
   312 | D        | Noticed a two-headed ogre
   312 | D        | Noticed a yak
   312 | D        | Noticed a troll
   329 | D        | Killed a yak
   330 | D        | Reached skill level 7 in Spellcasting
   330 | D        | Reached XP level 5. HP: 25/35 MP: 0/0
   330 | D        | Learned a level 2 spell: Wereblood
   330 | D        | Reached XP level 6. HP: 29/40 MP: 0/0
   336 | D        | Killed a troll
   337 | D        | Reached skill level 5 in Armour
   337 | D        | Reached skill level 5 in Dodging
   337 | D        | Reached skill level 9 in Spellcasting
   337 | D        | Reached skill level 1 in Evocations
   337 | D        | Reached XP level 7. HP: 27/46 MP: 0/0
   337 | D        | Learned a level 2 spell: Scorch
   337 | D        | Reached * piety under Makhleb
   340 | D        | Killed a two-headed ogre
   340 | D        | Reached ** piety under Makhleb
   341 | D        | Reached skill level 11 in Spellcasting
   341 | D        | Reached XP level 8. HP: 44/51 MP: 0/0
   424 | D        | Noticed a komodo dragon
   424 | D        | Noticed a four-headed hydra
   424 | D        | Noticed a troll
   424 | D        | Noticed a centaur warrior
   432 | D        | Reached skill level 1 in Fighting
   438 | D        | Slain by a centaur warrior

Illustrated notes

Levels and vault maps discovered:
D:        linesprint [early_d, line_temple, items_1, d_10, items_2, lair_1,
          lair_end, items_3, orc_1, orc_end, items_4, d_15, swamp_1, shoals_1,
          snake_1, spider_1, d_20, vaults_1, items_5, swamp_end, shoals_end,
          snake_end, spider_end, vaults_end, d_27, items_6, zot_1, zot_end,
          crypt_end, forest_end, elf_end, slime_end, tomb_end, abyss_end,
          pan_hell_end]

Skill      XL: |  1  2  3  4  5  6  7  8 |
---------------+-------------------------+-----
Spellcasting   | 3 5 7 9 11 | 11.5
Stealth        | 2 3 4 |  4.3
Dodging        | 3 4 5 6 |  6.7
Armour         | 1 3 5 7 |  7.5
Evocations     | 1 3 |  3.6
Fighting       | 1 |  1.0

Action                   |  1- 3 |  4- 6 |  7- 9 || total
-------------------------+-------+-------+-------++-------
Melee: Dire flail        |       |       |     4 ||     4
 Cast: Shock             |    11 |       |     5 ||    16
       Static Discharge  |     1 |       |       ||     1
       Swiftness         |       |     1 |       ||     1
Evoke: Wand              |       |     6 |     4 ||    10
  Use: Potion            |     1 |       |     4 ||     5
 Stab: Invisible         |       |       |     1 ||     1
Armor: Chain mail        |       |       |    12 ||    12
Dodge: Dodged            |     3 |     3 |     4 ||    10

Table legend: (Time is in decaauts)
 A = Elapsed time spent in this place.
 B = Non-inter-level travel time spent in this place.
 C = Inter-level travel time spent in this place.
 D = Time resting spent in this place.
 E = Time spent auto-exploring this place.
 F = Levels seen in this place.
 G = Mean time per level.
                   A        B        C        D        E       F      G
               +--------+--------+--------+--------+--------+-----+--------+
         Total |    435 |    435 |      0 |    196 |     36 |   1 |  435.0 |
       Dungeon |    435 |    435 |      0 |    196 |     36 |   1 |  435.0 |
               +--------+--------+--------+--------+--------+-----+--------+

Top non-repeatable levels by time:
       D: 435 daAuts
